Vegas Golden Knights vs Pittsburgh Penguins
Created - Wednesday, April 10, 2024 at 08:43
Goals
|
| Vegas Golden Knights |
1 |
0 |
1 |
1 |
3 |
| Pittsburgh Penguins |
1 |
1 |
0 |
0 |
2 |
|
Shots
|
| Vegas Golden Knights |
11 |
15 |
7 |
4 |
37 |
| Pittsburgh Penguins |
10 |
17 |
6 |
2 |
35 |
|
1st period
1. Vegas Golden Knights , Nikolaj Ehlers 16 (Sean Couturier 16) at 4:50
2. Pittsburgh Penguins , Jean-Gabriel Pageau 13 (Anders Lee 26, Sam Reinhart 29) at 6:36 (PP)
Penalties :
Erik Gudbranson (PIT) for Hooking (Minor) at 1:55, Sean Monahan (VGK) for Holding (Minor) at 5:14
2nd period
3. Pittsburgh Penguins , Pavel Buchnevich 13 (Mitchell Marner 20, Leon Draisaitl 36) at 5:58
Penalties :
Jordan Staal (VGK) for Holding (Minor) at 10:10
3rd period
4. Vegas Golden Knights , Sean Couturier 6 (Nikolaj Ehlers 18, John Marino 8) at 4:08
Penalties :
Travis Hamonic (VGK) for Roughing (Minor) at 5:10, Jordan Eberle (PIT) for Holding (Minor) at 7:43, Erik Gudbranson (PIT) for Holding (Minor) at 13:49
Overtime #1
5. Vegas Golden Knights , Chris Kreider 24 (Shea Theodore 11, Roman Josi 24) at 4:07
Penalties :
No Penalty
Goalie Stats
Philipp Grubauer (VGK), 33 saves from 35 shots - (0.943), W, 3-5-0, 64:07 minutes
Akira Schmid (PIT), 34 saves from 37 shots - (0.919), OTL, 8-3-2, 64:07 minutes
Players Stats for Vegas Golden Knights
Player Name G A P +/- PIM S H SB GA TA FO MP PP MP PK MP
------------------------------------------------------------------------------------
Alex Chiasson 0 0 0 0 0 0 2 0 0 0 0/1 12:49 2:49 0:00
Chris Kreider 1 0 1 1 0 9 3 1 1 0 0/0 20:11 2:54 0:46
Eric Staal 0 0 0 0 0 2 0 1 0 0 0/1 9:54 0:00 2:46
Jack Roslovic 0 0 0 1 0 2 3 1 0 0 0/0 18:15 3:03 0:00
Joe Pavelski 0 0 0 1 0 2 3 0 0 0 4/9 19:17 2:54 0:00
John Marino 0 1 1 1 0 0 3 0 0 3 0/0 18:46 0:00 2:42
Jonathan Drouin 0 0 0 0 0 6 3 2 0 0 3/5 12:27 3:03 0:00
Jordan Staal 0 0 0 0 2 0 2 0 2 1 4/13 13:38 0:00 1:46
Marc Staal 0 0 0 1 0 0 3 2 0 0 0/0 17:08 0:15 2:38
Marc-Edouard Vlasic 0 0 0 0 0 0 0 3 0 0 0/0 18:23 0:00 2:38
Nikolaj Ehlers 1 1 2 1 0 3 1 0 3 0 0/1 18:00 3:03 0:00
Reilly Smith 0 0 0 0 0 2 1 0 1 0 0/0 16:28 2:54 1:26
Roman Josi 0 1 1 1 0 2 1 2 1 0 0/0 25:20 2:53 0:02
Sean Couturier 1 1 2 1 0 1 0 0 0 0 7/19 17:26 0:00 2:12
Sean Monahan 0 0 0 0 2 4 1 0 0 0 5/12 15:47 0:00 1:44
Shea Theodore 0 1 1 1 0 1 1 1 1 0 0/0 26:27 2:49 1:06
Travis Hamonic 0 0 0 0 2 0 0 1 0 1 0/0 15:39 0:00 1:34
Tyler Bertuzzi 0 0 0 0 0 3 1 1 0 2 1/1 15:10 3:08 0:00
Players Stats for Pittsburgh Penguins
Player Name G A P +/- PIM S H SB GA TA FO MP PP MP PK MP
------------------------------------------------------------------------------------
Anders Lee 0 1 1 0 0 2 2 0 0 0 0/1 16:18 2:33 0:03
Brian Dumoulin 0 0 0 -1 0 0 1 1 0 1 0/0 24:50 3:06 2:56
Colton Sissons 0 0 0 -1 0 0 0 0 0 0 0/0 6:13 0:00 0:00
Erik Gudbranson 0 0 0 -1 4 2 1 0 0 1 0/0 15:42 0:00 0:00
Erik Karlsson 0 0 0 0 0 3 0 1 1 0 0/0 24:00 2:14 3:01
Gabriel Vilardi 0 0 0 -1 0 0 0 0 0 0 0/0 7:00 0:07 0:00
J.J. Moser 0 0 0 -1 0 1 0 1 1 1 0/0 15:17 0:00 0:00
Jean-Gabriel Pageau 1 0 1 0 0 2 3 0 0 1 11/15 16:15 2:33 0:00
Jordan Eberle 0 0 0 -2 2 0 3 1 0 0 2/2 16:02 0:00 0:00
Leon Draisaitl 0 1 1 0 0 5 1 0 1 0 13/20 24:27 2:40 3:08
Mattias Ekholm 0 0 0 0 0 1 0 3 0 3 0/0 24:00 2:14 3:01
Mitchell Marner 0 1 1 0 0 4 3 2 3 0 1/3 24:27 2:40 3:08
Pavel Buchnevich 1 0 1 1 0 1 3 0 0 0 0/0 23:51 2:46 2:46
Phillip Danault 0 0 0 -1 0 3 1 0 0 1 8/11 12:10 0:00 0:03
Ryan Johansen 0 0 0 -1 0 3 1 0 0 0 1/1 11:30 0:00 0:00
Ryan Suter 0 0 0 -1 0 2 1 1 0 1 0/0 24:50 3:06 2:56
Sam Reinhart 0 1 1 0 0 5 0 0 1 0 2/8 21:07 2:33 2:46
Tom Wilson 0 0 0 0 0 1 1 0 0 0 0/1 2:29 0:08 0:00
3 Stars
1 - Nikolaj Ehlers (VGK)
2 - Sean Couturier (VGK)
3 - Chris Kreider (VGK)
Power Play
Vegas Golden Knights - 0 on 3 Attempt(s) - 0.00%
Pittsburgh Penguins - 1 on 3 Attempt(s) - 33.33%
Penalty Kill
Vegas Golden Knights - 2 on 3 Attempt(s) - 66.67%
- Score 0 goal in Penalty Kill
Pittsburgh Penguins - 3 on 3 Attempt(s) - 100.00%
- Score 0 goal in Penalty Kill
Team Stat
Vegas Golden Knights - Hits : 28 - Faceoff Wins : 24 - Blocked Shots : 15 - Penalty Minutes : 6
Pittsburgh Penguins - Hits : 21 - Faceoff Wins : 38 - Blocked Shots : 10 - Penalty Minutes : 6
Official
Referees : Ghislain Hebert and Kendrick Nicholson
Linesman : Scott Cherrey and Shane Heyer
Game Notes
No Game Note
Finance
Level 1 -- Attendance: 4499 (74.98%) -- Ticket Income $449,900
Level 2 -- Attendance: 4154 (83.08%) -- Ticket Income $249,240
Level 3 -- Attendance: 2318 (77.27%) -- Ticket Income $81,130
Level 4 -- Attendance: 3650 (73.00%) -- Ticket Income $91,250
Luxury Box -- Attendance: 843 (84.30%) -- Ticket Income $168,600
Game was played at the Consol Energy Center.
Total Attendance: 15464 (77.32%)
Total Ticket Income: $1,040,120
Other Income: $364,042
Total Income: $1,404,162
Vegas Golden Knights
5 vs 5 Forward
Center Left Wing Right Wing Time % Phy DF OF
1 Sean Monahan Chris Kreider Joe Pavelski 30 1 2 2
2 Sean Couturier Nikolaj Ehlers Jack Roslovic 30 1 2 2
3 Jordan Staal Tyler Bertuzzi Reilly Smith 25 1 2 2
4 Eric Staal Jonathan Drouin Alex Chiasson 15 1 2 2
5 vs 5 Defense
Defense Defense Time % Phy DF OF
1 Roman Josi Shea Theodore 35 1 2 2
2 Marc Staal John Marino 30 1 2 2
3 Marc-Edouard Vlasic Travis Hamonic 25 1 2 2
4 Roman Josi Shea Theodore 10 1 2 2
PowerPlay Forward
Center Left Wing Right Wing Time % Phy DF OF
1 Joe Pavelski Chris Kreider Reilly Smith 50 1 2 2
2 Jonathan Drouin Nikolaj Ehlers Jack Roslovic 50 1 2 2
PowerPlay Defense
Defense Defense Time % Phy DF OF
1 Tyler Bertuzzi Roman Josi 50 1 2 2
2 Alex Chiasson Shea Theodore 50 1 2 2
Penalty Kill 4 Players Forward
Center Wing Time % Phy DF OF
1 Sean Couturier Sean Monahan 50 1 2 2
2 Eric Staal Jordan Staal 50 1 2 2
Penalty Kill 4 Players Defense
Defense Defense Time % Phy DF OF
1 John Marino Travis Hamonic 50 1 2 2
2 Marc-Edouard Vlasic Marc Staal 50 1 2 2
Penalty Kill - 3 Players Forward
Forward Time % Phy DF OF
1 Sean Couturier 50 1 2 2
2 Jordan Staal 50 1 2 2
Penalty Kill - 3 Players Defense
Defense Defense Time % Phy DF OF
1 John Marino Travis Hamonic 50 1 2 2
2 Eric Staal Marc Staal 50 1 2 2
4 vs 4 Forward
Center Wing Time % Phy DF OF
1 Joe Pavelski Chris Kreider 50 1 2 2
2 Jonathan Drouin Alex Chiasson 50 1 2 2
4 vs 4 Defense
Defense Defense Time % Phy DF OF
1 Roman Josi Shea Theodore 50 1 2 2
2 Marc-Edouard Vlasic John Marino 50 1 2 2
Last Minutes Offensive
Center Left Wing Right Wing Defense Defense
Joe Pavelski Chris Kreider Nikolaj Ehlers Roman Josi John Marino
Last Minutes Defensive
Center Left Wing Right Wing Defense Defense
Eric Staal Jordan Staal Sean Monahan Marc Staal Travis Hamonic
Goaltenders
Starting : Philipp Grubauer
Backup : Alexandar Georgiev
Extra Forwards
Normal : Reilly Smith, Joe Pavelski, Chris Kreider - PP : Sean Monahan, Sean Couturier - PK : Reilly Smith
Extra Defensemen
Normal : John Marino, Roman Josi, Shea Theodore - PP : Marc Staal - PK : Shea Theodore, Roman Josi
Penalty Shots
Jack Roslovic, Sean Monahan, Joe Pavelski, Chris Kreider, Jonathan Drouin
Pittsburgh Penguins
5 vs 5 Forward
Center Left Wing Right Wing Time % Phy DF OF
1 Leon Draisaitl Pavel Buchnevich Mitchell Marner 30 1 2 2
2 Jean-Gabriel Pageau Anders Lee Sam Reinhart 30 1 2 2
3 Phillip Danault Jordan Eberle Ryan Johansen 25 1 2 2
4 Colton Sissons Gabriel Vilardi Jordan Eberle 15 1 2 2
5 vs 5 Defense
Defense Defense Time % Phy DF OF
1 Erik Karlsson Mattias Ekholm 35 1 2 2
2 Ryan Suter Brian Dumoulin 35 1 2 2
3 Erik Gudbranson J.J. Moser 30 1 2 2
4 Erik Karlsson Mattias Ekholm 0 1 2 2
PowerPlay Forward
Center Left Wing Right Wing Time % Phy DF OF
1 Leon Draisaitl Pavel Buchnevich Mitchell Marner 50 1 2 2
2 Jean-Gabriel Pageau Anders Lee Sam Reinhart 50 1 2 2
PowerPlay Defense
Defense Defense Time % Phy DF OF
1 Erik Karlsson Mattias Ekholm 50 1 2 2
2 Ryan Suter Brian Dumoulin 50 1 2 2
Penalty Kill 4 Players Forward
Center Wing Time % Phy DF OF
1 Leon Draisaitl Mitchell Marner 50 1 2 2
2 Sam Reinhart Pavel Buchnevich 50 1 2 2
Penalty Kill 4 Players Defense
Defense Defense Time % Phy DF OF
1 Erik Karlsson Mattias Ekholm 50 1 2 2
2 Ryan Suter Brian Dumoulin 50 1 2 2
Penalty Kill - 3 Players Forward
Forward Time % Phy DF OF
1 Leon Draisaitl 50 1 2 2
2 Mitchell Marner 50 1 2 2
Penalty Kill - 3 Players Defense
Defense Defense Time % Phy DF OF
1 Erik Karlsson Mattias Ekholm 50 1 2 2
2 Ryan Suter Brian Dumoulin 50 1 2 2
4 vs 4 Forward
Center Wing Time % Phy DF OF
1 Leon Draisaitl Mitchell Marner 50 1 2 2
2 Sam Reinhart Pavel Buchnevich 50 1 2 2
4 vs 4 Defense
Defense Defense Time % Phy DF OF
1 Erik Karlsson Mattias Ekholm 50 1 2 2
2 Ryan Suter Brian Dumoulin 50 1 2 2
Last Minutes Offensive
Center Left Wing Right Wing Defense Defense
Leon Draisaitl Pavel Buchnevich Mitchell Marner Erik Karlsson Mattias Ekholm
Last Minutes Defensive
Center Left Wing Right Wing Defense Defense
Leon Draisaitl Pavel Buchnevich Mitchell Marner Erik Karlsson Mattias Ekholm
Goaltenders
Starting : Akira Schmid
Backup : Marc-Andre Fleury
Extra Forwards
Normal : Tom Wilson, Gabriel Vilardi, Phillip Danault - PP : Tom Wilson, Gabriel Vilardi - PK : Phillip Danault
Extra Defensemen
Normal : Erik Gudbranson, J.J. Moser, Ryan Suter - PP : Erik Gudbranson - PK : J.J. Moser, Ryan Suter
Penalty Shots
Leon Draisaitl, Mitchell Marner, Sam Reinhart, Pavel Buchnevich, Jean-Gabriel Pageau
% Time on Ice - Vegas Golden Knights
Lines # - Real PCT - Wanted PCT - Time Play
Normal Forward
1 - 29% - 30% - 14:08
2 - 32% - 30% - 15:38
3 - 24% - 25% - 11:49
4 - 15% - 15% - 7:08
Normal Defense
1 - 34% - 35% - 16:42
2 - 30% - 30% - 14:36
3 - 29% - 25% - 14:01
4 - 7% - 10% - 3:24
PP Forward
1 - 49% - 50% - 2:54
2 - 51% - 50% - 3:03
PP Defense
1 - 53% - 50% - 3:08
2 - 47% - 50% - 2:49
PK Forward
1 - 45% - 50% - 2:23
2 - 55% - 50% - 2:57
PK Defense
1 - 51% - 50% - 2:42
2 - 49% - 50% - 2:38
PK3 Forward
1 - 0% - 50%
2 - 0% - 50%
PK3 Defense
1 - 0% - 50%
2 - 0% - 50%
44 Forward
1 - 49% - 50% - 2:02
2 - 51% - 50% - 2:05
44 Defense
1 - 58% - 50% - 2:23
2 - 42% - 50% - 1:44
Last Minute Offensive - 0:00
Last Minute Defensive - 0:00
Total
Forward - 64:07
Defense - 64:07
|
% Time on Ice - Pittsburgh Penguins
Lines # - Real PCT - Wanted PCT - Time Play
Normal Forward
1 - 35% - 30% - 17:11
2 - 28% - 30% - 13:49
3 - 24% - 25% - 11:30
4 - 13% - 15% - 6:13
Normal Defense
1 - 35% - 35% - 17:05
2 - 34% - 35% - 16:21
3 - 31% - 30% - 15:17
4 - 0% - 0% - 0:00
PP Forward
1 - 52% - 50% - 2:47
2 - 48% - 50% - 2:33
PP Defense
1 - 42% - 50% - 2:14
2 - 58% - 50% - 3:06
PK Forward
1 - 53% - 50% - 3:08
2 - 47% - 50% - 2:49
PK Defense
1 - 51% - 50% - 3:01
2 - 49% - 50% - 2:56
PK3 Forward
1 - 0% - 50%
2 - 0% - 50%
PK3 Defense
1 - 0% - 50%
2 - 0% - 50%
44 Forward
1 - 52% - 50% - 2:08
2 - 48% - 50% - 1:59
44 Defense
1 - 40% - 50% - 1:40
2 - 60% - 50% - 2:27
Last Minute Offensive - 0:00
Last Minute Defensive - 0:00
Total
Forward - 64:07
Defense - 64:07
|
Play-by-Play
1st period
0:01 of 1st period - Leon Draisaitl wins face-off versus Sean Monahan in neutral zone.
1:50 of 1st period - Backhand shot by Nikolaj Ehlers.
1:50 of 1st period - Shot Blocked by J.J. Moser.
1:52 of 1st period - Snap shot by Roman Josi.
1:52 of 1st period - Deflect By Sam Reinhart.
1:52 of 1st period - Stopped by Akira Schmid without a rebound.
1:53 of 1st period - Phillip Danault wins face-off versus Jordan Staal in Pittsburgh Penguins zone.
1:55 of 1st period - Minor Penalty to Erik Gudbranson for Hooking.
1:56 of 1st period - Leon Draisaitl wins face-off versus Joe Pavelski in Pittsburgh Penguins zone.
2:02 of 1st period - Snap shot by Chris Kreider.
2:02 of 1st period - Stopped by Akira Schmid with a rebound.
2:10 of 1st period - Wrist shot by Chris Kreider.
2:10 of 1st period - Stopped by Akira Schmid without a rebound.
2:11 of 1st period - Sam Reinhart wins face-off versus Jonathan Drouin in Pittsburgh Penguins zone.
2:22 of 1st period - Ryan Suter is hit by Jack Roslovic and loses puck.
2:42 of 1st period - Leon Draisaitl is hit by Joe Pavelski and loses puck.
3:55 of 1st period - Penalty to Erik Gudbranson is over, Erik Gudbranson is back on ice.
4:15 of 1st period - Snap shot by Mitchell Marner.
4:15 of 1st period - Stopped by Philipp Grubauer without a rebound.
4:16 of 1st period - Phillip Danault wins face-off versus Jordan Staal in Vegas Golden Knights zone.
4:17 of 1st period - Slapshot by Ryan Johansen.
4:17 of 1st period - Shot Blocked by Marc-Edouard Vlasic.
4:27 of 1st period - Wrist shot by Phillip Danault.
4:27 of 1st period - Shot Blocked by Marc-Edouard Vlasic.
4:50 of 1st period - Wrist shot by Nikolaj Ehlers.
4:50 of 1st period - Goal by Nikolaj Ehlers - Vegas Golden Knights : 1 - Pittsburgh Penguins : 0.
4:51 of 1st period - Jean-Gabriel Pageau wins face-off versus Sean Monahan in neutral zone.
4:58 of 1st period - Snap shot by Sam Reinhart.
4:58 of 1st period - Stopped by Philipp Grubauer with a rebound.
5:06 of 1st period - Snap shot by Sam Reinhart.
5:06 of 1st period - Shot Misses the Net.
5:08 of 1st period - Wrist shot by Sam Reinhart.
5:08 of 1st period - Shot Misses the Net.
5:14 of 1st period - Minor Penalty to Sean Monahan for Holding.
5:15 of 1st period - Leon Draisaitl wins face-off versus Sean Couturier in Vegas Golden Knights zone.
5:45 of 1st period - Off-side.
5:46 of 1st period - Jean-Gabriel Pageau wins face-off versus Sean Couturier in neutral zone.
6:03 of 1st period - Marc-Edouard Vlasic is hit by Jean-Gabriel Pageau and loses puck.
6:14 of 1st period - Snap shot by Sam Reinhart.
6:14 of 1st period - Stopped by Philipp Grubauer with a rebound.
6:16 of 1st period - Slapshot by Sam Reinhart.
6:16 of 1st period - Shot Blocked by Marc Staal.
6:34 of 1st period - Wrist shot by Anders Lee.
6:34 of 1st period - Shot Misses the Net.
6:36 of 1st period - Snap shot by Jean-Gabriel Pageau.
6:36 of 1st period - Goal by Jean-Gabriel Pageau - Vegas Golden Knights : 1 - Pittsburgh Penguins : 1.
6:37 of 1st period - Sean Couturier wins face-off versus Leon Draisaitl in neutral zone.
6:46 of 1st period - Wrist shot by Leon Draisaitl.
6:46 of 1st period - Shot Misses the Net.
6:48 of 1st period - Slapshot by Mattias Ekholm.
6:48 of 1st period - Shot Misses the Net.
6:50 of 1st period - Snap shot by Leon Draisaitl.
6:50 of 1st period - Shot Misses the Net.
6:52 of 1st period - Snap shot by Leon Draisaitl.
6:52 of 1st period - Shot Misses the Net.
7:04 of 1st period - Reilly Smith is hit by Phillip Danault and loses puck.
7:27 of 1st period - Snap shot by Chris Kreider.
7:27 of 1st period - Shot Misses the Net.
7:33 of 1st period - Snap shot by Joe Pavelski.
7:33 of 1st period - Shot Misses the Net.
7:53 of 1st period - Eric Staal is hit by Anders Lee and loses puck.
7:58 of 1st period - Snap shot by Sam Reinhart.
7:58 of 1st period - Shot Blocked by Travis Hamonic.
8:00 of 1st period - Wrist shot by Jean-Gabriel Pageau.
8:00 of 1st period - Stopped by Philipp Grubauer without a rebound.
8:01 of 1st period - Leon Draisaitl wins face-off versus Nikolaj Ehlers in Vegas Golden Knights zone.
8:28 of 1st period - J.J. Moser is hit by Jordan Staal and loses puck.
9:28 of 1st period - Slapshot by Erik Karlsson.
9:28 of 1st period - Shot Blocked by Marc-Edouard Vlasic.
9:52 of 1st period - Snap shot by Reilly Smith.
9:52 of 1st period - Stopped by Akira Schmid without a rebound.
9:53 of 1st period - Leon Draisaitl wins face-off versus Sean Monahan in Pittsburgh Penguins zone.
9:53 of 1st period - Leon Draisaitl is hit by Joe Pavelski.
10:45 of 1st period - J.J. Moser is hit by Jordan Staal and loses puck.
11:00 of 1st period - Snap shot by Alex Chiasson.
11:00 of 1st period - Shot Misses the Net.
11:02 of 1st period - Wrist shot by Eric Staal.
11:02 of 1st period - Stopped by Akira Schmid without a rebound.
11:03 of 1st period - Phillip Danault wins face-off versus Alex Chiasson in Pittsburgh Penguins zone.
11:15 of 1st period - Off-side.
11:16 of 1st period - Sean Couturier wins face-off versus Jean-Gabriel Pageau in neutral zone.
11:19 of 1st period - Ryan Suter is hit by Nikolaj Ehlers and loses puck.
11:52 of 1st period - Snap shot by Leon Draisaitl.
11:52 of 1st period - Stopped by Philipp Grubauer with a rebound.
13:46 of 1st period - Slapshot by Jonathan Drouin.
13:46 of 1st period - Stopped by Akira Schmid with a rebound.
14:09 of 1st period - Marc-Edouard Vlasic is hit by Ryan Suter and loses puck.
14:30 of 1st period - Snap shot by Chris Kreider.
14:30 of 1st period - Stopped by Akira Schmid with a rebound.
14:32 of 1st period - Wrist shot by Joe Pavelski.
14:32 of 1st period - Stopped by Akira Schmid with a rebound.
15:11 of 1st period - Snap shot by Nikolaj Ehlers.
15:11 of 1st period - Shot Misses the Net.
16:17 of 1st period - Nikolaj Ehlers is hit by Jean-Gabriel Pageau and loses puck.
16:35 of 1st period - Erik Gudbranson is hit by Chris Kreider and loses puck.
16:42 of 1st period - Chris Kreider is hit by Mitchell Marner and loses puck.
17:11 of 1st period - Joe Pavelski is hit by Tom Wilson and loses puck.
17:18 of 1st period - Ryan Johansen is hit by Roman Josi and loses puck.
17:29 of 1st period - Slapshot by Sean Monahan.
17:29 of 1st period - Shot Misses the Net.
17:31 of 1st period - Wrist shot by Sean Monahan.
17:31 of 1st period - Stopped by Akira Schmid without a rebound.
17:32 of 1st period - Leon Draisaitl wins face-off versus Jordan Staal in Pittsburgh Penguins zone.
17:39 of 1st period - Wrist shot by Pavel Buchnevich.
17:39 of 1st period - Shot Blocked by Roman Josi.
17:41 of 1st period - Slapshot by Mattias Ekholm.
17:41 of 1st period - Deflect By Leon Draisaitl.
17:41 of 1st period - Stopped by Philipp Grubauer with a rebound.
17:43 of 1st period - Snap shot by Erik Karlsson.
17:43 of 1st period - Deflect By Tyler Bertuzzi.
17:43 of 1st period - Stopped by Philipp Grubauer without a rebound.
17:44 of 1st period - Jean-Gabriel Pageau wins face-off versus Jordan Staal in Vegas Golden Knights zone.
17:52 of 1st period - Off-side.
17:53 of 1st period - Jean-Gabriel Pageau wins face-off versus Jordan Staal in neutral zone.
18:17 of 1st period - Wrist shot by Anders Lee.
18:17 of 1st period - Stopped by Philipp Grubauer with a rebound.
18:34 of 1st period - Wrist shot by Tyler Bertuzzi.
18:34 of 1st period - Stopped by Akira Schmid without a rebound.
18:35 of 1st period - Phillip Danault wins face-off versus Joe Pavelski in Pittsburgh Penguins zone.
19:52 of 1st period - Snap shot by Sam Reinhart.
19:52 of 1st period - Stopped by Philipp Grubauer without a rebound.
19:53 of 1st period - Jordan Staal wins face-off versus Jean-Gabriel Pageau in Vegas Golden Knights zone.
Goals for this period are 1 for Vegas Golden Knights vs 1 for Pittsburgh Penguins.
Shots for this period are 11 for Vegas Golden Knights vs 10 for Pittsburgh Penguins.
2nd period
0:01 of 2nd period - Sean Monahan wins face-off versus Mitchell Marner in neutral zone.
0:15 of 2nd period - Off-side.
0:16 of 2nd period - Jordan Staal wins face-off versus Phillip Danault in neutral zone.
0:29 of 2nd period - Wrist shot by Tyler Bertuzzi.
0:29 of 2nd period - Stopped by Akira Schmid without a rebound.
0:30 of 2nd period - Sean Couturier wins face-off versus Leon Draisaitl in Pittsburgh Penguins zone.
0:45 of 2nd period - Wrist shot by Jack Roslovic.
0:45 of 2nd period - Stopped by Akira Schmid without a rebound.
0:46 of 2nd period - Jordan Eberle wins face-off versus Sean Monahan in Pittsburgh Penguins zone.
0:51 of 2nd period - Sean Monahan is hit by Jordan Eberle and loses puck.
0:58 of 2nd period - Snap shot by Phillip Danault.
0:58 of 2nd period - Shot Misses the Net.
1:00 of 2nd period - Wrist shot by Phillip Danault.
1:00 of 2nd period - Stopped by Philipp Grubauer without a rebound.
1:01 of 2nd period - Jordan Staal wins face-off versus Leon Draisaitl in Vegas Golden Knights zone.
1:16 of 2nd period - Snap shot by Leon Draisaitl.
1:16 of 2nd period - Shot Misses the Net.
2:01 of 2nd period - Chris Kreider is hit by Brian Dumoulin and loses puck.
2:35 of 2nd period - Jonathan Drouin is hit by Jean-Gabriel Pageau and loses puck.
3:06 of 2nd period - Travis Hamonic is hit by Mitchell Marner and loses puck.
3:18 of 2nd period - John Marino is hit by Pavel Buchnevich and loses puck.
3:54 of 2nd period - Wrist shot by Jean-Gabriel Pageau.
3:54 of 2nd period - Shot Misses the Net.
3:56 of 2nd period - Snap shot by Erik Gudbranson.
3:56 of 2nd period - Deflect By Sam Reinhart.
3:56 of 2nd period - Shot Misses the Net.
3:56 of 2nd period - Puck is out of play.
3:57 of 2nd period - Jean-Gabriel Pageau wins face-off versus Sean Couturier in Vegas Golden Knights zone.
4:28 of 2nd period - Wrist shot by Sean Monahan.
4:28 of 2nd period - Stopped by Akira Schmid with a rebound.
4:30 of 2nd period - Wrist shot by Joe Pavelski.
4:30 of 2nd period - Stopped by Akira Schmid with a rebound.
4:36 of 2nd period - Snap shot by Sean Monahan.
4:36 of 2nd period - Stopped by Akira Schmid without a rebound.
4:37 of 2nd period - Leon Draisaitl wins face-off versus Jordan Staal in Pittsburgh Penguins zone.
4:48 of 2nd period - Tyler Bertuzzi is hit by Pavel Buchnevich and loses puck.
5:17 of 2nd period - Jack Roslovic is hit by Pavel Buchnevich and loses puck.
5:22 of 2nd period - Snap shot by Mitchell Marner.
5:22 of 2nd period - Shot Misses the Net.
5:24 of 2nd period - Slapshot by Ryan Suter.
5:24 of 2nd period - Stopped by Philipp Grubauer with a rebound.
5:58 of 2nd period - Wrist shot by Pavel Buchnevich.
5:58 of 2nd period - Goal by Pavel Buchnevich - Vegas Golden Knights : 1 - Pittsburgh Penguins : 2.
5:59 of 2nd period - Sean Monahan wins face-off versus Phillip Danault in neutral zone.
6:14 of 2nd period - Snap shot by Chris Kreider.
6:14 of 2nd period - Stopped by Akira Schmid with a rebound.
6:26 of 2nd period - Jordan Eberle is hit by Alex Chiasson and loses puck.
6:34 of 2nd period - Snap shot by Roman Josi.
6:34 of 2nd period - Shot Blocked by Jordan Eberle.
6:36 of 2nd period - Snap shot by Eric Staal.
6:36 of 2nd period - Shot Misses the Net.
6:38 of 2nd period - Wrist shot by Eric Staal.
6:38 of 2nd period - Shot Blocked by Mattias Ekholm.
7:09 of 2nd period - Tom Wilson is hit by Jack Roslovic and loses puck.
7:16 of 2nd period - Snap shot by Jack Roslovic.
7:16 of 2nd period - Shot Misses the Net.
7:18 of 2nd period - Snap shot by Nikolaj Ehlers.
7:18 of 2nd period - Shot Blocked by Mattias Ekholm.
7:28 of 2nd period - Marc Staal is hit by Anders Lee.
7:42 of 2nd period - Brian Dumoulin is hit by Alex Chiasson and loses puck.
8:15 of 2nd period - Colton Sissons is hit by Joe Pavelski and loses puck.
8:20 of 2nd period - Slapshot by Chris Kreider.
8:20 of 2nd period - Stopped by Akira Schmid without a rebound.
8:21 of 2nd period - Sean Monahan wins face-off versus Jean-Gabriel Pageau in Pittsburgh Penguins zone.
8:46 of 2nd period - Reilly Smith is hit by Jordan Eberle and loses puck.
8:53 of 2nd period - Slapshot by Travis Hamonic.
8:53 of 2nd period - Shot Misses the Net.
9:29 of 2nd period - Snap shot by Leon Draisaitl.
9:29 of 2nd period - Shot Blocked by Jonathan Drouin.
9:31 of 2nd period - Slapshot by J.J. Moser.
9:31 of 2nd period - Shot Blocked by Jonathan Drouin.
9:33 of 2nd period - Slapshot by Erik Gudbranson.
9:33 of 2nd period - Stopped by Philipp Grubauer with a rebound.
9:35 of 2nd period - Snap shot by Pavel Buchnevich.
9:35 of 2nd period - Shot Blocked by Eric Staal.
9:37 of 2nd period - Slapshot by Leon Draisaitl.
9:37 of 2nd period - Stopped by Philipp Grubauer without a rebound.
9:38 of 2nd period - Jean-Gabriel Pageau wins face-off versus Sean Monahan in Vegas Golden Knights zone.
9:45 of 2nd period - Slapshot by Sam Reinhart.
9:45 of 2nd period - Shot Misses the Net.
9:47 of 2nd period - Snap shot by Jean-Gabriel Pageau.
9:47 of 2nd period - Deflect By Sam Reinhart.
9:47 of 2nd period - Stopped by Philipp Grubauer with a rebound.
9:49 of 2nd period - Wrist shot by Anders Lee.
9:49 of 2nd period - Stopped by Philipp Grubauer with a rebound.
9:51 of 2nd period - Snap shot by Sam Reinhart.
9:51 of 2nd period - Shot Misses the Net.
9:53 of 2nd period - Snap shot by Anders Lee.
9:53 of 2nd period - Shot Blocked by Chris Kreider.
9:55 of 2nd period - Snap shot by Erik Karlsson.
9:55 of 2nd period - Deflect By Sam Reinhart.
9:55 of 2nd period - Shot Misses the Net.
9:55 of 2nd period - Puck is out of play.
9:56 of 2nd period - Phillip Danault wins face-off versus Jordan Staal in Vegas Golden Knights zone.
9:57 of 2nd period - Wrist shot by Ryan Johansen.
9:57 of 2nd period - Deflect By Jordan Eberle.
9:57 of 2nd period - Shot Blocked by Roman Josi.
9:57 of 2nd period - Puck is out of play.
9:58 of 2nd period - Ryan Johansen wins face-off versus Jordan Staal in Vegas Golden Knights zone.
10:10 of 2nd period - Minor Penalty to Jordan Staal for Holding.
10:11 of 2nd period - Leon Draisaitl wins face-off versus Sean Couturier in Vegas Golden Knights zone.
10:21 of 2nd period - Slapshot by Reilly Smith.
10:21 of 2nd period - Deflect By Eric Staal.
10:21 of 2nd period - Shot Blocked by Mitchell Marner.
10:21 of 2nd period - Puck is out of play.
10:22 of 2nd period - Mitchell Marner wins face-off versus Eric Staal in Pittsburgh Penguins zone.
10:39 of 2nd period - Slapshot by Mitchell Marner.
10:39 of 2nd period - Shot Misses the Net.
11:43 of 2nd period - Jean-Gabriel Pageau is hit by Chris Kreider and loses puck.
12:10 of 2nd period - Penalty to Jordan Staal is over, Jordan Staal is back on ice.
12:26 of 2nd period - Off-side.
12:27 of 2nd period - Phillip Danault wins face-off versus Sean Couturier in neutral zone.
12:30 of 2nd period - Wrist shot by Phillip Danault.
12:30 of 2nd period - Stopped by Philipp Grubauer with a rebound.
12:32 of 2nd period - Slapshot by Phillip Danault.
12:32 of 2nd period - Shot Misses the Net.
12:34 of 2nd period - Snap shot by Ryan Johansen.
12:34 of 2nd period - Shot Misses the Net.
12:36 of 2nd period - Slapshot by J.J. Moser.
12:36 of 2nd period - Stopped by Philipp Grubauer with a rebound.
12:38 of 2nd period - Snap shot by Ryan Johansen.
12:38 of 2nd period - Stopped by Philipp Grubauer with a rebound.
12:40 of 2nd period - Snap shot by Ryan Johansen.
12:40 of 2nd period - Stopped by Philipp Grubauer with a rebound.
13:30 of 2nd period - Snap shot by Shea Theodore.
13:30 of 2nd period - Stopped by Akira Schmid with a rebound.
13:52 of 2nd period - Backhand shot by Ryan Johansen.
13:52 of 2nd period - Shot Misses the Net.
13:54 of 2nd period - Snap shot by Ryan Johansen.
13:54 of 2nd period - Stopped by Philipp Grubauer with a rebound.
13:56 of 2nd period - Backhand shot by Ryan Suter.
13:56 of 2nd period - Stopped by Philipp Grubauer with a rebound.
14:06 of 2nd period - Snap shot by Jonathan Drouin.
14:06 of 2nd period - Stopped by Akira Schmid without a rebound.
14:07 of 2nd period - Sean Couturier wins face-off versus Leon Draisaitl in Pittsburgh Penguins zone.
14:16 of 2nd period - Snap shot by Erik Karlsson.
14:16 of 2nd period - Stopped by Philipp Grubauer with a rebound.
14:18 of 2nd period - Slapshot by Pavel Buchnevich.
14:18 of 2nd period - Shot Misses the Net.
14:20 of 2nd period - Snap shot by Mitchell Marner.
14:20 of 2nd period - Stopped by Philipp Grubauer with a rebound.
15:01 of 2nd period - Wrist shot by Jordan Eberle.
15:01 of 2nd period - Shot Blocked by Marc Staal.
15:20 of 2nd period - Backhand shot by Jonathan Drouin.
15:20 of 2nd period - Stopped by Akira Schmid without a rebound.
15:21 of 2nd period - Jean-Gabriel Pageau wins face-off versus Sean Monahan in Pittsburgh Penguins zone.
15:56 of 2nd period - Snap shot by Nikolaj Ehlers.
15:56 of 2nd period - Stopped by Akira Schmid with a rebound.
15:58 of 2nd period - Slapshot by Travis Hamonic.
15:58 of 2nd period - Shot Blocked by Erik Karlsson.
16:08 of 2nd period - Snap shot by Jonathan Drouin.
16:08 of 2nd period - Stopped by Akira Schmid with a rebound.
16:10 of 2nd period - Wrist shot by Eric Staal.
16:10 of 2nd period - Stopped by Akira Schmid with a rebound.
16:23 of 2nd period - Jordan Eberle is hit by Jonathan Drouin and loses puck.
17:18 of 2nd period - Mattias Ekholm is hit by Sean Monahan and loses puck.
17:38 of 2nd period - Off-side.
17:39 of 2nd period - Jordan Eberle wins face-off versus Sean Couturier in neutral zone.
17:42 of 2nd period - Slapshot by Brian Dumoulin.
17:42 of 2nd period - Shot Blocked by Jack Roslovic.
17:50 of 2nd period - Snap shot by Nikolaj Ehlers.
17:50 of 2nd period - Shot Misses the Net.
18:30 of 2nd period - Icing by Erik Gudbranson.
18:31 of 2nd period - Sean Monahan wins face-off versus Mitchell Marner in Pittsburgh Penguins zone.
18:50 of 2nd period - Snap shot by Leon Draisaitl.
18:50 of 2nd period - Shot Blocked by Shea Theodore.
18:52 of 2nd period - Snap shot by Mitchell Marner.
18:52 of 2nd period - Shot Misses the Net.
18:54 of 2nd period - Slapshot by Erik Gudbranson.
18:54 of 2nd period - Stopped by Philipp Grubauer with a rebound.
18:56 of 2nd period - Snap shot by Leon Draisaitl.
18:56 of 2nd period - Stopped by Philipp Grubauer with a rebound.
19:10 of 2nd period - Wrist shot by Chris Kreider.
19:10 of 2nd period - Stopped by Akira Schmid with a rebound.
19:24 of 2nd period - Sean Monahan is hit by Mitchell Marner and loses puck.
19:45 of 2nd period - Wrist shot by Sean Monahan.
19:45 of 2nd period - Stopped by Akira Schmid with a rebound.
19:55 of 2nd period - Snap shot by Joe Pavelski.
19:55 of 2nd period - Shot Misses the Net.
Goals for this period are 0 for Vegas Golden Knights vs 1 for Pittsburgh Penguins.
Shots for this period are 15 for Vegas Golden Knights vs 17 for Pittsburgh Penguins.
3rd period
0:01 of 3rd period - Sean Couturier wins face-off versus Anders Lee in neutral zone.
0:04 of 3rd period - Anders Lee is hit by Shea Theodore and loses puck.
0:11 of 3rd period - Snap shot by Nikolaj Ehlers.
0:11 of 3rd period - Deflect By Jack Roslovic.
0:11 of 3rd period - Shot Blocked by Brian Dumoulin.
0:11 of 3rd period - Puck is out of play.
0:12 of 3rd period - Jean-Gabriel Pageau wins face-off versus Sean Couturier in Pittsburgh Penguins zone.
0:12 of 3rd period - Jean-Gabriel Pageau is hit by Jack Roslovic.
1:04 of 3rd period - Slapshot by Erik Karlsson.
1:04 of 3rd period - Stopped by Philipp Grubauer with a rebound.
1:48 of 3rd period - Snap shot by Jack Roslovic.
1:48 of 3rd period - Shot Misses the Net.
1:50 of 3rd period - Snap shot by Nikolaj Ehlers.
1:50 of 3rd period - Shot Misses the Net.
2:01 of 3rd period - Icing by John Marino.
2:02 of 3rd period - Tyler Bertuzzi wins face-off versus Leon Draisaitl in Vegas Golden Knights zone.
2:07 of 3rd period - Mitchell Marner is hit by Marc Staal and loses puck.
2:18 of 3rd period - Snap shot by Mattias Ekholm.
2:18 of 3rd period - Deflect By Mitchell Marner.
2:18 of 3rd period - Shot Misses the Net.
2:18 of 3rd period - Puck is out of play.
2:19 of 3rd period - Jean-Gabriel Pageau wins face-off versus Sean Couturier in Vegas Golden Knights zone.
2:32 of 3rd period - Snap shot by Shea Theodore.
2:32 of 3rd period - Shot Misses the Net.
2:34 of 3rd period - Snap shot by Jack Roslovic.
2:34 of 3rd period - Stopped by Akira Schmid with a rebound.
2:44 of 3rd period - Jordan Staal is hit by Jordan Eberle and loses puck.
2:51 of 3rd period - Snap shot by Phillip Danault.
2:51 of 3rd period - Shot Misses the Net.
3:16 of 3rd period - Off-side.
3:17 of 3rd period - Jean-Gabriel Pageau wins face-off versus Sean Couturier in neutral zone.
3:34 of 3rd period - Mattias Ekholm is hit by Marc Staal and loses puck.
4:06 of 3rd period - Snap shot by John Marino.
4:06 of 3rd period - Shot Blocked by Ryan Suter.
4:08 of 3rd period - Wrist shot by Nikolaj Ehlers.
4:08 of 3rd period - Deflect By Sean Couturier.
4:08 of 3rd period - Goal by Sean Couturier - Vegas Golden Knights : 2 - Pittsburgh Penguins : 2.
4:09 of 3rd period - Sean Monahan wins face-off versus Jean-Gabriel Pageau in neutral zone.
4:36 of 3rd period - Erik Karlsson is hit by Reilly Smith and loses puck.
4:49 of 3rd period - Snap shot by Reilly Smith.
4:49 of 3rd period - Stopped by Akira Schmid with a rebound.
5:10 of 3rd period - Minor Penalty to Travis Hamonic for Roughing.
5:11 of 3rd period - Leon Draisaitl wins face-off versus Sean Couturier in Vegas Golden Knights zone.
7:10 of 3rd period - Penalty to Travis Hamonic is over, Travis Hamonic is back on ice.
7:43 of 3rd period - Minor Penalty to Jordan Eberle for Holding.
7:44 of 3rd period - Jonathan Drouin wins face-off versus Sam Reinhart in Pittsburgh Penguins zone.
7:46 of 3rd period - Wrist shot by Jonathan Drouin.
7:46 of 3rd period - Stopped by Akira Schmid without a rebound.
7:47 of 3rd period - Jonathan Drouin wins face-off versus Sam Reinhart in Pittsburgh Penguins zone.
7:56 of 3rd period - Backhand shot by Nikolaj Ehlers.
7:56 of 3rd period - Shot Misses the Net.
8:00 of 3rd period - Wrist shot by Jonathan Drouin.
8:00 of 3rd period - Shot Misses the Net.
8:02 of 3rd period - Snap shot by Jonathan Drouin.
8:02 of 3rd period - Stopped by Akira Schmid with a rebound.
8:16 of 3rd period - Off-side.
8:17 of 3rd period - Leon Draisaitl wins face-off versus Joe Pavelski in neutral zone.
8:44 of 3rd period - Brian Dumoulin is hit by Tyler Bertuzzi and loses puck.
9:43 of 3rd period - Penalty to Jordan Eberle is over, Jordan Eberle is back on ice.
10:20 of 3rd period - Brian Dumoulin is hit by Marc Staal and loses puck.
12:18 of 3rd period - Jack Roslovic is hit by Erik Gudbranson and loses puck.
12:29 of 3rd period - Slapshot by Tom Wilson.
12:29 of 3rd period - Stopped by Philipp Grubauer without a rebound.
12:30 of 3rd period - Leon Draisaitl wins face-off versus Sean Monahan in Vegas Golden Knights zone.
13:07 of 3rd period - Icing by Anders Lee.
13:08 of 3rd period - Jean-Gabriel Pageau wins face-off versus Jordan Staal in Pittsburgh Penguins zone.
13:33 of 3rd period - Roman Josi is hit by Ryan Johansen.
13:49 of 3rd period - Minor Penalty to Erik Gudbranson for Holding.
13:50 of 3rd period - Jonathan Drouin wins face-off versus Sam Reinhart in Pittsburgh Penguins zone.
14:21 of 3rd period - Brian Dumoulin is hit by Chris Kreider and loses puck.
14:44 of 3rd period - Wrist shot by Leon Draisaitl.
14:44 of 3rd period - Shot Blocked by Tyler Bertuzzi.
15:49 of 3rd period - Penalty to Erik Gudbranson is over, Erik Gudbranson is back on ice.
15:57 of 3rd period - Icing by Erik Gudbranson.
15:58 of 3rd period - Phillip Danault wins face-off versus Sean Couturier in Pittsburgh Penguins zone.
15:58 of 3rd period - Phillip Danault is hit by John Marino.
16:08 of 3rd period - Wrist shot by Phillip Danault.
16:08 of 3rd period - Stopped by Philipp Grubauer without a rebound.
16:09 of 3rd period - Sean Couturier wins face-off versus Phillip Danault in Vegas Golden Knights zone.
16:35 of 3rd period - Wrist shot by Leon Draisaitl.
16:35 of 3rd period - Stopped by Philipp Grubauer with a rebound.
17:08 of 3rd period - Snap shot by Sam Reinhart.
17:08 of 3rd period - Stopped by Philipp Grubauer with a rebound.
17:31 of 3rd period - Snap shot by Tyler Bertuzzi.
17:31 of 3rd period - Stopped by Akira Schmid without a rebound.
17:32 of 3rd period - Sean Couturier wins face-off versus Leon Draisaitl in Pittsburgh Penguins zone.
17:39 of 3rd period - Snap shot by Nikolaj Ehlers.
17:39 of 3rd period - Shot Blocked by Mitchell Marner.
17:41 of 3rd period - Slapshot by Travis Hamonic.
17:41 of 3rd period - Deflect By Sean Couturier.
17:41 of 3rd period - Shot Misses the Net.
17:41 of 3rd period - Puck is out of play.
17:42 of 3rd period - Leon Draisaitl wins face-off versus Sean Couturier in Pittsburgh Penguins zone.
18:51 of 3rd period - Snap shot by Jack Roslovic.
18:51 of 3rd period - Shot Blocked by Mattias Ekholm.
19:07 of 3rd period - Backhand shot by Mitchell Marner.
19:07 of 3rd period - Stopped by Philipp Grubauer with a rebound.
19:22 of 3rd period - Snap shot by Nikolaj Ehlers.
19:22 of 3rd period - Stopped by Akira Schmid without a rebound.
19:23 of 3rd period - Jordan Staal wins face-off versus Tom Wilson in Pittsburgh Penguins zone.
19:45 of 3rd period - Icing by Brian Dumoulin.
19:46 of 3rd period - Phillip Danault wins face-off versus Joe Pavelski in Pittsburgh Penguins zone.
19:46 of 3rd period - Phillip Danault is hit by John Marino.
Goals for this period are 1 for Vegas Golden Knights vs 0 for Pittsburgh Penguins.
Shots for this period are 7 for Vegas Golden Knights vs 6 for Pittsburgh Penguins.
Overtime #1
0:01 of 1st overtime period - Leon Draisaitl wins face-off versus Joe Pavelski in neutral zone.
0:11 of 1st overtime period - Wrist shot by Chris Kreider.
0:11 of 1st overtime period - Stopped by Akira Schmid without a rebound.
0:12 of 1st overtime period - Sam Reinhart wins face-off versus Jonathan Drouin in Pittsburgh Penguins zone.
0:26 of 1st overtime period - Ryan Suter is hit by John Marino and loses puck.
0:53 of 1st overtime period - Snap shot by Chris Kreider.
0:53 of 1st overtime period - Stopped by Akira Schmid with a rebound.
1:32 of 1st overtime period - Icing by Pavel Buchnevich.
1:33 of 1st overtime period - Joe Pavelski wins face-off versus Sam Reinhart in Pittsburgh Penguins zone.
1:51 of 1st overtime period - Icing by Jonathan Drouin.
1:52 of 1st overtime period - Joe Pavelski wins face-off versus Sam Reinhart in Vegas Golden Knights zone.
2:15 of 1st overtime period - Roman Josi is hit by Leon Draisaitl and loses puck.
2:24 of 1st overtime period - Slapshot by Mitchell Marner.
2:24 of 1st overtime period - Stopped by Philipp Grubauer with a rebound.
2:26 of 1st overtime period - Slapshot by Mattias Ekholm.
2:26 of 1st overtime period - Stopped by Philipp Grubauer with a rebound.
2:36 of 1st overtime period - Slapshot by Roman Josi.
2:36 of 1st overtime period - Stopped by Akira Schmid without a rebound.
2:37 of 1st overtime period - Joe Pavelski wins face-off versus Leon Draisaitl in Pittsburgh Penguins zone.
3:09 of 1st overtime period - Ryan Suter is hit by Jonathan Drouin and loses puck.
3:16 of 1st overtime period - Snap shot by Sam Reinhart.
3:16 of 1st overtime period - Deflect By Pavel Buchnevich.
3:16 of 1st overtime period - Shot Misses the Net.
3:16 of 1st overtime period - Puck is out of play.
3:17 of 1st overtime period - Joe Pavelski wins face-off versus Sam Reinhart in Vegas Golden Knights zone.
3:42 of 1st overtime period - Mitchell Marner is hit by Jonathan Drouin and loses puck.
4:07 of 1st overtime period - Slapshot by Chris Kreider.
4:07 of 1st overtime period - Goal by Chris Kreider - Vegas Golden Knights : 3 - Pittsburgh Penguins : 2.
Goals for this period are 1 for Vegas Golden Knights vs 0 for Pittsburgh Penguins.
Shots for this period are 4 for Vegas Golden Knights vs 2 for Pittsburgh Penguins.
Back to the Top